Map: Dusty Gorge

Players

SnowY

  • Race: Protoss Protoss
  • Spawn Location: 9:00

PeterPan

  • Race: Zerg Zerg
  • League: Master
  • Spawn Location: 11:00

Sinner - Winner!

  • Race: Terran Terran
  • Spawn Location: 3:00

PureLegacy - Winner!

  • Race: Protoss Protoss
  • Spawn Location: 5:00

VOD

Have the link to the VOD?

Description

Time

  • Played on: Nov. 23, 2018, 2:22 p.m.
  • Length: 14:05
Show
View Real Time Build Order
Export as new Build Order

SnowY Protoss 

Build Orders: Blink Stalkers 

Get SALT Encoding   

  12  0:00  Probe  
  13  0:12  Probe  
  14  0:18  Pylon  
  14  0:24  Probe  
  15  0:32  Probe  
  15  0:40  Probe  
  15  0:41  Gateway  
  16  0:47  Assimilator  
  17  0:50  Probe  
  17  0:56  Assimilator  
  18  0:58  Probe  
  19  1:06  Probe  
  20  1:16  Gateway  
  20  1:17  Probe  
  21  1:29  Probe, Cybernetics Core  
  22  1:37  Pylon  
  22  1:41  Probe  
  23  1:55  Probe  
  23  1:56  Warp Gate  
  24  2:05  Stalker x2  
  28  2:14  Pylon  
  28  2:18  Twilight Council  
  28  2:35  Blink, Stalker  
  30  2:59  Nexus  
  30  3:09  Stalker  
  32  3:18  Shield Battery  
  32  3:24  Stalker  
  33  4:03  Stalker x2  
  33  4:08  Probe  
  37  4:11  Probe  
  37  4:16  Probe  
  39  4:23  Probe  
  41  4:25  Robotics Facility  
  41  4:27  Probe  
  40  4:35  Stalker, Probe  
  42  4:39  Probe  
  43  4:49  Probe  
  43  4:51  Probe  
  41  5:01  Probe  
  41  5:03  Probe  
  39  5:14  Probe  
  40  5:15  Probe  
  40  5:17  Stalker x2  
  40  5:19  Observer  
  46  5:22  Probe  
  46  5:23  Probe  
  48  5:28  Pylon  
  48  5:30  Probe  
  48  5:31  Probe  
  50  5:40  Gateway, Probe  
  50  5:41  Probe  
  50  5:42  Gateway  
  51  5:47  Pylon  
  52  5:52  Probe  
  52  5:55  Sentry  
  55  6:00  Stalker  
  53  6:14  Nexus  
  43  6:19  Stalker  
  43  6:23  Stalker  
  40  6:45  Stalker x3  
  40  6:46  Stalker  
  33  7:27  Observer  
  33  7:49  Observer  
  32  8:27  Assimilator  
  32  8:31  Assimilator  
  32  9:32  Nexus  
  32  9:44  Pylon  
  32  9:48  Pylon  
  32  10:59  Probe x2  
  34  11:07  Warp Prism, Probe x2  
  36  11:15  Probe x2  
  40  11:27  Probe x2  
  42  11:36  Dark Shrine  
  42  11:40  Gateway  
  42  11:44  Gateway  
  42  11:55  Probe  
  42  11:56  Gateway x2, Probe  
  44  12:02  Stalker  
  44  12:07  Stalker  
  48  12:18  Pylon  
  48  12:27  Adept  
  50  12:40  Stalker x3  
  54  12:48  Stalker  
  54  12:50  Stalker x2  
  60  13:11  Stalker x4  
  66  13:13  Stalker x2  
  70  13:24  Pylon  
  70  13:25  Pylon  
  70  13:40  Pylon  
  70  13:47  Stalker x4  
Show
View Real Time Build Order
Export as new Build Order

PeterPan Zerg 

Build Orders: Hatch First, Roach Hydra 

Get SALT Encoding   

  12  0:01  Drone  
  13  0:13  Overlord  
  13  0:18  Drone  
  14  0:31  Drone  
  14  0:32  Drone  
  16  0:36  Drone  
  17  0:53  Hatchery  
  17  0:56  Drone  
  17  0:59  Drone  
  18  1:10  Extractor  
  17  1:15  Spawning Pool  
  17  1:17  Drone  
  17  1:20  Drone  
  18  1:29  Drone  
  19  1:41  Overlord  
  19  1:53  Drone  
  20  2:01  Queen  
  20  2:02  Drone  
  20  2:04  Queen  
  20  2:05  Drone  
  26  2:11  Metabolic Boost  
  26  2:18  Drone x2  
  28  2:35  Hatchery  
  28  2:37  Drone  
  28  2:39  Drone  
  28  2:41  Drone  
  30  2:44  Drone  
  30  2:50  Overlord  
  31  2:52  Drone  
  31  2:55  Overlord  
  32  2:58  Zergling x2  
  33  3:06  Zergling x2  
  33  3:10  Zergling x6  
  33  3:11  Zergling x2  
  33  3:12  Zergling x2  
  39  3:15  Drone x2  
  41  3:20  Drone  
  41  3:22  Drone  
  43  3:31  Overlord  
  43  3:34  Drone  
  44  3:36  Spore Crawler  
  44  3:38  Spore Crawler  
  44  3:40  Drone  
  44  3:41  Drone  
  44  3:42  Drone  
  44  3:43  Queen  
  44  3:44  Overlord  
  44  3:47  Drone  
  48  3:51  Drone  
  48  3:52  Drone x2  
  48  3:53  Drone  
  50  3:58  Drone x2  
  52  4:02  Queen  
  52  4:04  Drone  
  55  4:12  Overlord x2  
  55  4:15  Spore Crawler  
  55  4:16  Drone  
  55  4:17  Drone  
  55  4:20  Drone x2  
  58  4:25  Drone  
  58  4:26  Drone x2  
  58  4:28  Drone  
  58  4:29  Drone  
  58  4:30  Drone  
  64  4:31  Drone  
  64  4:36  Drone  
  65  4:47  Drone x3  
  68  4:58  Drone x5  
  68  4:59  Drone x2  
  70  5:03  Lair  
  70  5:04  Evolution Chamber  
  70  5:05  Drone x3, Evolution Chamber, Extractor  
  70  5:10  Roach Warren  
  70  5:13  Drone  
  70  5:15  Extractor x2  
  68  5:22  Drone x2, Extractor x2  
  68  5:25  Spore Crawler  
  67  5:31  Zerg Missile Weapons Level 1, Zerg Ground Armor Level 1  
  67  5:32  Overlord  
  67  5:33  Overlord x2  
  67  5:34  Drone x4  
  67  5:35  Drone  
  72  5:39  Drone x2  
  72  5:42  Hatchery  
  73  5:44  Overlord x2  
  73  5:46  Zergling x6  
  76  5:54  Zergling x4  
  76  5:55  Zergling x2  
  79  6:05  Hydralisk Den, Glial Reconstitution  
  79  6:06  Roach  
  79  6:07  Roach x5  
  79  6:10  Zergling x6  
  93  6:19  Zergling x6  
  96  6:35  Hydralisk x7  
  105  6:49  Zergling x8  
  105  6:50  Zergling x6  
  108  6:56  Hydralisk  
  108  6:59  Overlord, Queen  
  108  7:00  Hydralisk  
  108  7:01  Hydralisk  
  114  7:02  Overlord  
  114  7:05  Muscular Augments  
  114  7:06  Roach x4  
  124  7:09  Zergling x6  
  124  7:12  Overlord x2  
  124  7:13  Overlord  
  127  7:16  Overlord  
  127  7:17  Queen  
  129  7:25  Hydralisk x2  
  129  7:26  Hydralisk x4  
  134  7:42  Hydralisk x5  
  134  7:43  Hydralisk  
  140  7:52  Hydralisk x2  
  140  7:54  Hydralisk  
  140  7:56  Zergling x4  
  140  7:57  Zergling x4  
  146  7:59  Queen x3  
  146  8:05  Hydralisk  
  148  8:06  Hydralisk x2  
  148  8:10  Roach x3  
  160  8:13  Roach  
  160  8:15  Roach  
  160  8:16  Grooved Spines  
  160  8:19  Roach x2  
  165  8:20  Roach  
  165  8:23  Overlord  
  165  8:24  Overlord, Hatchery  
  165  8:25  Hydralisk  
  168  8:27  Hydralisk  
  168  8:28  Hatchery  
  168  8:30  Hatchery  
  168  8:34  Hydralisk  
  166  8:42  Hydralisk  
  166  8:45  Hydralisk  
  166  8:46  Hydralisk x3  
  165  8:51  Hydralisk  
  141  8:59  Hydralisk x3  
  141  9:02  Hydralisk  
  134  9:04  Hydralisk  
  134  9:08  Hydralisk  
  132  9:10  Hydralisk  
  132  9:13  Hydralisk  
  128  9:19  Hydralisk x2  
  128  9:21  Zergling x2  
  128  9:22  Zergling x6  
  128  9:23  Zergling x2  
  126  9:29  Drone  
  126  9:31  Drone  
  128  9:33  Zerg Missile Weapons Level 2  
  128  9:35  Drone  
  128  9:37  Drone  
  130  9:38  Queen  
  130  9:39  Drone, Queen  
  130  9:41  Hydralisk  
  130  9:42  Hydralisk x2  
  130  9:44  Hydralisk x2  
  145  9:47  Hydralisk  
  147  9:53  Extractor  
  147  9:54  Drone x2, Extractor  
  147  9:55  Hydralisk x2, Drone, Zergling x2  
  147  9:56  Hydralisk  
  147  9:59  Hydralisk  
  155  10:02  Hydralisk  
  155  10:05  Queen x4  
  163  10:14  Queen  
  163  10:15  Hydralisk x2, Queen  
  163  10:16  Hydralisk x2  
  163  10:17  Roach  
  163  10:20  Roach x2  
  169  10:24  Roach  
  169  10:25  Roach x2  
  169  10:26  Roach  
  159  10:36  Hydralisk  
  159  10:37  Hydralisk x3  
  159  10:40  Hydralisk  
  161  10:45  Hydralisk  
  161  10:46  Hydralisk  
  161  10:48  Zergling x8  
  161  10:49  Zergling x8  
  171  10:50  Roach x3  
  171  10:52  Roach x2  
  171  10:56  Roach x3  
  171  10:57  Roach x5  
  183  10:58  Roach x2  
  183  10:59  Roach  
  183  11:00  Roach  
  199  11:09  Infestation Pit  
  196  11:12  Roach x2  
  196  11:13  Roach x5  
  196  11:14  Roach  
  174  11:20  Hydralisk x2  
  174  11:21  Hydralisk x3  
  174  11:25  Hydralisk  
  168  11:27  Hydralisk  
  168  11:29  Hydralisk, Queen x2  
  168  11:30  Queen  
  168  11:32  Hydralisk  
  176  11:34  Hydralisk  
  176  11:40  Hydralisk x2  
  180  11:47  Hydralisk x3  
  180  11:53  Hydralisk x2  
  180  11:54  Hydralisk  
  172  11:57  Hydralisk  
  172  12:00  Hydralisk  
  170  12:07  Hydralisk x3  
  174  12:09  Hydralisk  
  174  12:13  Hydralisk  
  174  12:18  Hydralisk x2  
  172  12:25  Hydralisk x2  
  172  12:26  Hydralisk  
  176  12:30  Hydralisk  
  176  12:34  Hydralisk  
  158  12:46  Hydralisk x3  
  154  12:54  Hydralisk x3  
  156  13:02  Hydralisk x3  
  162  13:06  Hydralisk  
  162  13:09  Hydralisk  
  158  13:19  Hydralisk x3  
  156  13:23  Hydralisk  
  156  13:26  Roach  
  160  13:39  Hatchery  
  159  13:41  Hydralisk  
Show
View Real Time Build Order
Export as new Build Order

Sinner Terran - Winner!

Build Orders: Mech 

Get SALT Encoding   

  12  0:01  SCV  
  13  0:13  SCV  
  14  0:19  Supply Depot  
  14  0:27  SCV  
  15  0:31  Refinery  
  15  0:40  SCV  
  16  0:47  Barracks  
  16  0:53  SCV  
  17  1:05  SCV  
  18  1:17  SCV  
  20  1:36  Reaper  
  20  1:37  Orbital Command  
  20  1:50  Command Center  
  20  2:02  Factory  
  20  2:05  SCV  
  21  2:10  Barracks Reactor  
  21  2:17  SCV  
  21  2:20  Supply Depot  
  22  2:23  Refinery  
  22  2:29  SCV  
  23  2:41  SCV  
  23  2:46  Marine, Widow Mine  
  23  2:47  Bunker  
  26  2:53  SCV  
  27  3:04  Factory  
  27  3:05  SCV  
  29  3:19  Orbital Command  
  28  3:21  Hellion x2  
  28  3:25  Barracks Tech Lab, SCV  
  33  3:37  SCV  
  34  3:42  Hellion  
  34  3:44  SCV  
  37  3:50  SCV  
  38  3:57  SCV  
  38  3:58  Siege Tank  
  38  3:59  Hellion  
  38  4:02  SCV  
  45  4:09  SCV  
  46  4:10  Supply Depot  
  46  4:20  Supply Depot  
  46  4:30  Supply Depot  
  46  4:31  Hellion, SCV x2, Siege Tank  
  53  4:43  SCV x2  
  53  4:55  SCV x2  
  53  4:59  Hellion  
  54  5:03  Siege Tank  
  51  5:07  SCV x2  
  52  5:20  SCV x2  
  53  5:23  Command Center  
  53  5:29  Engineering Bay  
  53  5:30  Refinery  
  53  5:32  SCV x2  
  55  5:35  Siege Tank  
  55  5:36  Factory  
  55  5:41  Hellion x2  
  62  5:48  Armory  
  62  5:49  Refinery  
  62  5:51  SCV  
  62  5:56  SCV  
  60  6:02  Hellion x2  
  60  6:03  SCV  
  65  6:07  Siege Tank  
  65  6:08  SCV  
  69  6:16  SCV  
  70  6:20  Supply Depot  
  70  6:21  Factory  
  70  6:28  Factory Tech Lab  
  70  6:35  Factory, Hellion x2, SCV x2  
  79  6:40  Siege Tank  
  79  6:47  SCV x2  
  79  6:48  Siege Tank  
  84  6:54  Terran Vehicle Weapons Level 1  
  84  6:56  Orbital Command  
  84  6:59  SCV x2  
  90  7:01  Hellion x2  
  90  7:11  Factory Tech Lab, SCV x2  
  90  7:13  Supply Depot  
  92  7:23  SCV  
  92  7:25  Factory Tech Lab  
  92  7:28  Hellion  
  93  7:30  Hellion, Siege Tank  
  93  7:31  Supply Depot  
  93  7:32  SCV  
  95  7:38  Siege Tank  
  95  7:40  Hellion  
  95  7:43  SCV x2  
  95  7:44  SCV  
  93  7:45  Refinery x2  
  93  7:49  Siege Tank  
  96  7:51  Infernal Pre-Igniter  
  96  7:52  Hellion  
  96  7:55  SCV x2  
  100  8:06  SCV  
  100  8:07  SCV  
  100  8:08  Supply Depot  
  100  8:10  Supply Depot  
  102  8:14  Hellion, Siege Tank  
  102  8:19  SCV  
  108  8:20  SCV  
  109  8:28  SCV  
  109  8:30  Hellion x2, Siege Tank  
  109  8:31  SCV  
  109  8:33  SCV  
  119  8:38  Siege Tank  
  119  8:40  SCV  
  123  8:43  SCV  
  123  8:48  Hellion, Siege Tank  
  115  8:51  Siege Tank  
  115  8:52  Hellion  
  103  9:01  SCV  
  103  9:02  Hellion  
  103  9:07  SCV  
  103  9:08  SCV  
  103  9:09  Hellion  
  107  9:10  Siege Tank  
  107  9:13  Hellion, SCV  
  109  9:20  Hellion x3  
  109  9:23  Siege Tank  
  109  9:24  Siege Tank  
  111  9:25  Supply Depot  
  111  9:35  Hellion x2  
  111  9:36  Terran Vehicle Weapons Level 2  
  115  9:41  Hellion  
  115  9:43  Hellion  
  119  9:49  SCV  
  114  9:55  Siege Tank  
  114  9:56  Hellion x2, SCV, Widow Mine  
  114  9:57  Sensor Tower  
  124  10:07  SCV  
  125  10:08  Hellion, Siege Tank  
  125  10:09  Command Center  
  125  10:11  SCV x2  
  127  10:19  SCV, Siege Tank  
  127  10:20  Hellion x2  
  128  10:23  SCV  
  128  10:27  SCV  
  130  10:28  Command Center  
  130  10:29  Siege Tank  
  130  10:32  SCV  
  130  10:34  Hellion  
  130  10:35  SCV  
  137  10:39  SCV  
  138  10:43  Siege Tank  
  138  10:44  SCV  
  138  10:45  Hellion  
  138  10:47  SCV  
  145  10:51  SCV  
  145  10:52  Siege Tank  
  145  10:55  Hellion, Siege Tank  
  149  11:13  Hellion  
  149  11:14  Hellion, SCV  
  149  11:15  SCV, Siege Tank  
  149  11:16  Hellion  
  134  11:24  Siege Tank  
  123  11:27  Hellion  
  124  11:35  Hellion  
  124  11:36  Hellion  
  124  11:38  Hellion  
  130  11:47  Hellion  
  130  11:49  Hellion  
  130  11:51  SCV, Starport  
  130  11:52  Starport  
  130  11:53  Starport  
  123  11:56  Hellion, Siege Tank  
  123  11:57  SCV  
  123  11:59  Hellion, Widow Mine  
  122  12:02  SCV  
  122  12:05  SCV  
  121  12:09  Siege Tank  
  121  12:10  Siege Tank  
  127  12:17  SCV, Siege Tank  
  127  12:20  SCV x2  
  128  12:24  Hellion x2  
  128  12:28  Siege Tank  
  135  12:30  Starport Tech Lab x2  
  135  12:34  SCV  
  132  12:41  Siege Tank  
  132  12:42  Siege Tank  
  136  12:49  Hellion x2, Siege Tank  
  129  13:00  Siege Tank  
  132  13:11  Hellion  
  131  13:13  Siege Tank  
  131  13:14  Siege Tank  
  137  13:21  Siege Tank  
  137  13:24  Starport Tech Lab  
  142  13:32  Siege Tank  
  139  14:01  Refinery  
Show
View Real Time Build Order
Export as new Build Order

PureLegacy Protoss - Winner!

Build Orders: Oracle Opening, Carriers 

Get SALT Encoding   

  12  0:01  Probe  
  13  0:13  Probe  
  14  0:18  Pylon  
  14  0:25  Probe  
  15  0:33  Probe  
  15  0:39  Gateway  
  15  0:41  Probe  
  16  0:48  Assimilator  
  17  0:52  Probe  
  18  0:58  Assimilator  
  18  1:00  Probe  
  19  1:09  Probe  
  19  1:10  Pylon  
  19  1:18  Probe  
  21  1:29  Cybernetics Core  
  21  1:32  Probe  
  22  1:44  Probe  
  23  2:06  Adept  
  25  2:08  Stargate  
  25  2:31  Nexus  
  25  2:36  Probe  
  26  2:37  Pylon  
  26  2:41  Oracle  
  26  2:56  Stargate  
  29  3:05  Probe  
  30  3:08  Void Ray  
  34  3:22  Pylon  
  34  3:24  Assimilator  
  34  3:27  Probe  
  35  3:39  Probe  
  35  3:41  Shield Battery  
  36  3:47  Void Ray  
  36  3:58  Void Ray  
  40  4:07  Probe x2  
  46  4:19  Probe  
  46  4:20  Probe  
  48  4:34  Void Ray  
  48  4:36  Void Ray  
  52  4:39  Probe x2  
  54  4:51  Probe  
  53  5:02  Probe  
  51  5:10  Probe  
  51  5:11  Probe  
  52  5:20  Probe  
  53  5:22  Probe  
  53  5:23  Phoenix x2  
  59  5:28  Probe, Pylon  
  59  5:34  Probe  
  61  5:40  Probe  
  62  5:46  Probe  
  62  5:47  Pylon  
  62  5:48  Probe  
  63  5:56  Probe  
  64  5:58  Probe  
  64  6:00  Phoenix  
  68  6:05  Phoenix  
  68  6:08  Probe  
  68  6:10  Probe  
  64  6:24  Probe  
  64  6:25  Probe  
  70  6:35  Pylon  
  66  6:40  Fleet Beacon  
  66  6:42  Probe x2  
  66  6:46  Assimilator  
  66  6:47  Pylon  
  68  6:54  Probe x2  
  66  7:06  Probe x2  
  68  7:13  Protoss Air Weapons Level 1  
  68  7:14  Nexus  
  68  7:16  Pylon  
  68  7:25  Probe  
  68  7:26  Probe  
  68  7:27  Assimilator  
  68  7:29  Tempest  
  70  7:30  Tempest, Assimilator  
  70  7:38  Probe x2  
  78  7:45  Stargate  
  78  7:47  Pylon  
  78  7:50  Probe x2  
  76  7:59  Tempest  
  76  8:09  Probe x2  
  76  8:12  Pylon  
  83  8:13  Tempest  
  88  8:21  Probe  
  88  8:22  Probe  
  88  8:25  Pylon  
  88  8:27  Tempest, Stargate  
  90  8:30  Forge  
  90  8:33  Probe  
  90  8:34  Probe  
  97  8:36  Tempest  
  86  8:46  Tempest  
  85  9:02  Tempest  
  90  9:10  Tempest  
  90  9:12  Protoss Air Weapons Level 2  
  90  9:15  Probe  
  90  9:16  Probe x2  
  98  9:19  Tempest  
  103  9:28  Probe x3  
  111  9:33  Pylon  
  111  9:35  Pylon  
  111  9:36  Pylon  
  111  9:39  Pylon  
  111  9:40  Probe x2, Pylon  
  111  9:45  Tempest  
  118  9:46  Probe  
  118  9:52  Probe x2  
  121  9:58  Photon Cannon, Probe  
  121  9:59  Photon Cannon x2  
  122  10:01  Photon Cannon  
  122  10:04  Tempest, Probe x2  
  129  10:19  Pylon  
  119  10:44  Carrier  
  124  10:50  Nexus  
  124  10:51  Carrier, Probe x3  
  124  10:54  Pylon  
  135  11:00  Carrier, Stargate  
  135  11:01  Protoss Air Weapons Level 3  
  135  11:03  Probe  
  136  11:30  Protoss Shields Level 1  
  136  11:31  Carrier  
  136  11:32  Probe x2, Pylon  
  138  11:33  Probe  
  145  11:59  Carrier  
  151  12:02  Carrier  
  151  12:05  Assimilator  
  151  12:07  Assimilator  
  157  12:10  Probe x2  
  157  12:11  Probe x2  
  157  12:14  Carrier  
  158  12:31  Carrier  
  157  12:38  Probe x3  
  165  12:50  Probe x3  
  165  12:55  Pylon  
  164  13:04  Nexus  
  154  13:25  Pylon  
  154  13:26  Pylon  
  172  13:29  Assimilator  
  172  13:34  Assimilator, Probe x3  
Tags
 
Add a new tag
Caveats
  • Supply blocks, unpowered buildings, or Contaminate may cause inaccurate times.
  • Supply counts are checked every 10 seconds.